Map: 카이로스 정션 - 래더

Players

Nerchio

  • Race: Zerg Zerg
  • League: Master
  • Spawn Location: 5:00

llllllllllll (GuMiho) - Winner!

  • Race: Terran Terran
  • Spawn Location: 11:00

Event: IEM Season 13 - Katowice Server Qualifiers Europe

VOD

Have the link to the VOD?

Description

Time

  • Played on: Jan. 8, 2019, 10:16 a.m.
  • Length: 18:34

All games in this series

Show
View Real Time Build Order
Export as new Build Order

Nerchio Zerg 

Build Orders: Hatch First, Roach Hydra 

Get SALT Encoding   

  12  0:00  Drone  
  13  0:12  Overlord  
  13  0:19  Drone  
  14  0:30  Drone x2  
  16  0:49  Hatchery  
  15  0:52  Drone  
  15  0:56  Drone  
  17  0:59  Drone  
  18  1:09  Extractor  
  17  1:15  Spawning Pool  
  16  1:19  Drone  
  16  1:22  Drone  
  18  1:28  Drone  
  19  1:38  Overlord  
  19  1:49  Drone  
  20  2:02  Queen x2, Zergling x2  
  20  2:04  Zergling x2  
  26  2:10  Metabolic Boost  
  26  2:14  Drone  
  27  2:16  Drone  
  28  2:26  Drone x2  
  30  2:33  Drone x2  
  32  2:46  Hatchery  
  32  2:49  Overlord  
  31  2:53  Drone  
  32  3:00  Queen  
  32  3:02  Drone  
  32  3:03  Drone  
  36  3:08  Drone  
  36  3:09  Drone  
  36  3:11  Drone  
  39  3:13  Drone  
  39  3:14  Drone  
  39  3:17  Drone  
  41  3:20  Overlord  
  41  3:23  Drone  
  41  3:25  Drone  
  43  3:29  Overlord  
  43  3:32  Drone  
  44  3:38  Queen  
  45  3:42  Queen  
  45  3:45  Drone x2  
  45  3:47  Drone  
  50  3:48  Drone  
  50  3:50  Drone  
  50  3:52  Drone  
  50  3:54  Drone  
  54  3:56  Drone  
  54  4:02  Roach Warren  
  54  4:10  Zergling x12  
  54  4:11  Zergling x2  
  54  4:15  Queen  
  63  4:19  Overlord  
  63  4:21  Overlord  
  63  4:28  Lair  
  63  4:31  Drone  
  63  4:32  Drone x2  
  63  4:34  Extractor x2  
  63  4:38  Evolution Chamber, Drone x3  
  64  4:40  Drone  
  64  4:43  Drone x2  
  64  4:45  Drone  
  70  4:46  Drone  
  70  4:49  Overlord  
  70  4:51  Overlord  
  71  4:57  Spore Crawler  
  71  4:58  Spore Crawler  
  71  4:59  Spore Crawler  
  68  5:01  Drone x3  
  68  5:04  Drone x2  
  68  5:05  Drone  
  74  5:07  Drone  
  74  5:08  Drone  
  76  5:14  Extractor  
  76  5:17  Roach x4  
  76  5:19  Roach  
  85  5:22  Zerg Missile Weapons Level 1  
  85  5:27  Overlord x2  
  85  5:28  Overlord  
  85  5:31  Overseer  
  85  5:32  Glial Reconstitution  
  85  5:38  Drone  
  85  5:39  Drone x4  
  85  5:42  Overlord  
  90  5:44  Extractor  
  90  5:46  Drone  
  90  5:47  Drone x3  
  90  5:48  Drone  
  94  5:53  Infestation Pit  
  94  5:55  Extractor  
  94  5:56  Roach  
  98  5:57  Roach x2  
  98  5:58  Roach  
  100  6:05  Ravager  
  100  6:06  Ravager x2  
  100  6:08  Zergling x10  
  87  6:26  Drone  
  87  6:27  Drone x6  
  87  6:28  Queen  
  87  6:29  Drone x2  
  96  6:34  Drone  
  96  6:38  Drone  
  98  6:40  Drone  
  98  6:41  Drone  
  98  6:42  Hydralisk Den  
  98  6:49  Drone x2  
  100  6:54  Drone  
  100  6:59  Hive  
  101  7:12  Hatchery  
  101  7:13  Roach x4  
  101  7:14  Roach x2  
  112  7:22  Drone x4  
  112  7:23  Drone x2  
  112  7:25  Drone  
  111  7:35  Zerg Missile Weapons Level 2  
  109  7:37  Evolution Chamber  
  109  7:38  Grooved Spines  
  109  7:43  Hydralisk  
  109  7:44  Hydralisk x3  
  106  7:46  Overlord  
  106  7:47  Overlord  
  106  7:48  Overlord  
  114  7:52  Overlord x2  
  114  8:00  Infestor  
  114  8:04  Roach  
  114  8:05  Roach x4  
  126  8:14  Drone x8  
  126  8:16  Extractor  
  126  8:19  Hydralisk  
  135  8:21  Viper  
  138  8:29  Hydralisk x3  
  144  8:37  Drone  
  144  8:38  Drone x8  
  148  8:45  Drone x2  
  148  8:46  Drone  
  146  8:49  Muscular Augments, Drone x4  
  146  8:52  Zerg Ground Armor Level 1  
  146  8:55  Hydralisk  
  150  9:02  Pneumatized Carapace  
  152  9:04  Spine Crawler  
  152  9:05  Spine Crawler  
  152  9:06  Viper  
  152  9:07  Extractor  
  152  9:12  Hydralisk x3  
  152  9:13  Hydralisk  
  152  9:15  Overlord  
  160  9:19  Overlord x2  
  160  9:28  Viper  
  153  9:32  Zergling x22  
  153  9:38  Viper  
  167  9:54  Hatchery  
  167  9:59  Drone x3  
  168  10:00  Zerg Missile Weapons Level 3  
  168  10:06  Viper x2  
  170  10:15  Zergling x2  
  170  10:16  Zergling x20  
  170  10:19  Drone x2  
  183  10:22  Spine Crawler  
  183  10:23  Queen  
  183  10:24  Spine Crawler  
  183  10:25  Overlord  
  183  10:29  Overlord x2  
  183  10:32  Spire  
  182  10:36  Overlord  
  182  10:51  Hydralisk x7  
  182  10:53  Hatchery  
  155  11:12  Hydralisk  
  155  11:13  Hydralisk x8  
  170  11:19  Hydralisk x2  
  170  11:20  Hydralisk  
  170  11:24  Hydralisk x2  
  170  11:25  Hydralisk  
  180  11:38  Hydralisk Den  
  168  11:43  Infestor x2  
  168  11:48  Zergling x30  
  184  12:01  Ravager x3  
  184  12:02  Spore Crawler  
  184  12:04  Spore Crawler  
  184  12:06  Drone x4  
  184  12:08  Spore Crawler  
  173  12:23  Viper  
  173  12:24  Viper x2  
  173  12:27  Hydralisk x9  
  198  12:30  Queen  
  200  12:48  Burrow  
  199  12:58  Zerg Ground Armor Level 2, Greater Spire  
  199  13:11  Viper x2  
  190  13:14  Roach x4  
  198  13:20  Spine Crawler  
  198  13:23  Spine Crawler  
  198  13:25  Roach x10  
  199  13:51  Evolution Chamber x2  
  199  13:52  Evolution Chamber x2  
  199  13:53  Evolution Chamber  
  194  13:59  Roach x6  
  195  14:04  Roach  
  195  14:05  Roach x2  
  195  14:11  Roach x2  
  199  14:22  Hydralisk x15  
  181  14:27  Ravager x2  
  181  14:28  Ravager x2  
  181  14:29  Zergling x8  
  156  14:40  Roach x5  
  156  14:44  Roach x2  
  163  14:49  Drone  
  163  14:50  Drone x2  
  151  15:01  Hydralisk x3  
  151  15:05  Hydralisk  
  151  15:06  Hydralisk  
  129  15:15  Drone x5  
  129  15:17  Drone  
  129  15:20  Drone x2  
  129  15:21  Drone  
  127  15:22  Drone  
  127  15:26  Infestor  
  128  15:32  Drone x2  
  128  15:33  Drone x3  
  133  15:41  Drone  
  133  15:42  Drone x5  
  139  15:56  Hydralisk  
  139  15:57  Hydralisk x6  
  139  16:03  Infestor x2  
  157  16:11  Infestor  
  157  16:12  Infestor  
  157  16:15  Drone x7  
  157  16:16  Drone x2  
  168  16:23  Extractor  
  165  16:31  Hydralisk  
  165  16:32  Hydralisk x4  
  159  16:48  Hydralisk x5  
  159  16:51  Zergling x16  
  159  16:52  Zergling x4  
  165  16:58  Hydralisk x3  
  165  17:00  Roach  
  166  17:03  Zergling x2  
  166  17:04  Zergling x10  
  165  17:17  Hydralisk x3  
  159  17:25  Hydralisk x2  
  159  17:28  Zergling x10  
  159  17:29  Zergling x20  
  158  17:34  Roach  
  156  17:40  Queen  
  153  17:45  Hydralisk  
  154  17:52  Infestor  
  137  18:00  Hydralisk x4  
  137  18:04  Zergling x26  
  146  18:08  Extractor x2  
Show
View Real Time Build Order
Export as new Build Order

llllllllllll Terran - Winner!

Build Orders: Reaper Expand, Mech 

Get SALT Encoding   

  12  0:01  SCV  
  13  0:13  SCV  
  14  0:17  Supply Depot  
  14  0:25  SCV  
  15  0:38  SCV  
  15  0:40  Barracks  
  16  0:44  Refinery  
  16  0:50  SCV  
  17  1:02  SCV  
  18  1:15  SCV  
  19  1:27  Orbital Command  
  19  1:28  Reaper  
  20  1:40  Command Center  
  20  1:49  Supply Depot  
  20  1:53  SCV  
  21  2:00  Marine  
  22  2:05  SCV  
  23  2:13  Factory  
  23  2:17  SCV  
  23  2:21  Barracks Reactor  
  24  2:29  SCV  
  25  2:35  Command Center  
  25  2:41  SCV  
  25  2:43  Refinery  
  26  2:53  SCV  
  26  2:55  Orbital Command  
  27  3:01  Starport  
  27  3:06  SCV  
  27  3:12  Barracks Tech Lab  
  27  3:19  SCV, Hellion  
  32  3:20  Hellion  
  32  3:29  SCV  
  32  3:31  SCV  
  34  3:41  Hellion x2  
  38  3:43  SCV x2  
  38  3:48  Orbital Command  
  40  3:52  Viking  
  40  3:53  Barracks Tech Lab  
  42  3:56  SCV  
  42  3:57  SCV  
  46  4:02  Hellion  
  46  4:04  Liberator, Hellion  
  46  4:08  SCV  
  46  4:09  SCV  
  50  4:12  Supply Depot  
  50  4:14  SCV  
  51  4:20  SCV  
  51  4:21  SCV  
  56  4:30  Refinery  
  56  4:31  Refinery  
  56  4:32  Marine x2, Siege Tank  
  56  4:36  Supply Depot  
  61  4:39  SCV x2  
  61  4:44  Orbital Command  
  63  4:50  Marine x2  
  63  4:51  SCV  
  63  4:52  SCV  
  67  4:53  Armory  
  67  4:59  Supply Depot  
  67  5:00  Supply Depot  
  67  5:03  SCV  
  67  5:04  SCV, Siege Tank  
  72  5:08  Banshee  
  72  5:09  Marine  
  72  5:13  SCV  
  77  5:21  SCV x2, Supply Depot  
  79  5:25  SCV  
  80  5:31  Factory  
  80  5:33  SCV  
  80  5:34  Factory  
  81  5:36  SCV  
  81  5:37  SCV  
  81  5:39  Supply Depot  
  83  5:42  Supply Depot  
  83  5:43  Barracks Tech Lab  
  83  5:45  SCV  
  84  5:51  Hellion x2, Banshee  
  84  5:52  SCV x2  
  84  5:55  Refinery, Terran Vehicle And Ship Armor Level 1  
  93  6:02  Refinery, SCV  
  94  6:04  SCV x2  
  96  6:15  SCV  
  96  6:16  SCV  
  96  6:18  Hellion x2  
  102  6:23  SCV  
  96  6:27  SCV  
  96  6:30  Hellion x4  
  96  6:31  SCV  
  95  6:35  SCV  
  95  6:36  Banshee  
  95  6:39  Factory  
  96  6:41  SCV  
  96  6:42  Factory  
  96  6:43  SCV  
  96  6:45  Mag-Field Accelerator, Cyclone x2  
  104  6:47  Supply Depot  
  104  6:48  Hellion x2, Supply Depot  
  104  6:51  Barracks Reactor  
  108  6:54  SCV x2  
  110  7:03  Supply Depot  
  110  7:04  SCV  
  110  7:05  Supply Depot  
  110  7:06  SCV x2  
  110  7:07  Armory  
  111  7:17  Hellion x2  
  105  7:28  SCV x3  
  110  7:30  Factory Tech Lab, Factory Reactor  
  110  7:31  Cyclone x2  
  110  7:35  Starport  
  110  7:36  Supply Depot  
  110  7:40  SCV x3  
  110  7:43  Hellion x2  
  112  7:48  Command Center  
  112  7:49  Liberator x2  
  112  7:50  Cyclone  
  115  7:52  Terran Vehicle And Ship Armor Level 2  
  115  7:53  Engineering Bay  
  115  7:58  Terran Vehicle Weapons Level 1  
  115  8:04  Cyclone  
  115  8:05  Cyclone  
  121  8:10  Hellion  
  125  8:13  Hellion x2  
  125  8:18  Hellion  
  131  8:31  Liberator  
  131  8:33  Liberator  
  131  8:34  Cyclone, Sensor Tower  
  131  8:37  Cyclone  
  131  8:40  Liberator  
  133  8:45  Hellion x2  
  133  8:47  Hellion x2, Cyclone  
  132  8:54  SCV x3  
  144  9:07  Hellion x3  
  144  9:08  Fusion Core, Hellion  
  144  9:09  Refinery, Hellion  
  154  9:10  Refinery  
  154  9:15  SCV x2  
  156  9:18  Planetary Fortress  
  156  9:20  Hellion x2  
  147  9:35  Cyclone  
  147  9:36  Liberator, Hellion x3  
  147  9:37  Liberator x2, Hellion  
  158  9:47  Command Center  
  158  9:48  Supply Depot x3  
  158  9:55  Advanced Ballistics  
  167  10:00  Terran Ship Weapons Level 1  
  167  10:05  Hellion  
  167  10:06  Hellion x3  
  165  10:10  Terran Vehicle Weapons Level 2  
  165  10:13  Hellion x3  
  169  10:22  Supply Depot, Sensor Tower  
  169  10:27  Liberator x2, Hellion  
  169  10:28  Liberator  
  167  10:31  Hellion x2  
  167  10:32  Hellion  
  167  10:34  Cyclone  
  180  11:01  Cyclone x2  
  180  11:02  Hellion x4  
  164  11:06  Cyclone  
  158  11:24  Factory  
  158  11:25  Factory  
  155  11:26  Hellion  
  155  11:27  Factory, Infernal Pre-Igniter  
  155  11:28  Liberator x3  
  155  11:32  Hellion x2  
  161  11:33  Hellion, Cyclone x2  
  161  11:39  Hellion  
  170  11:47  Hellion  
  170  11:48  SCV x3  
  170  11:53  Hellion  
  177  11:57  Terran Vehicle And Ship Armor Level 3  
  177  11:59  Hellion x2  
  177  12:00  Hellion  
  183  12:02  Smart Servos  
  183  12:04  Refinery  
  183  12:07  Refinery  
  183  12:08  Factory Tech Lab  
  183  12:09  Factory Tech Lab  
  183  12:11  Cyclone x2  
  184  12:18  Hellion x2  
  184  12:20  Hellion  
  184  12:21  Liberator x2, Hellion, Cyclone  
  177  12:28  Factory Tech Lab  
  177  12:29  Planetary Fortress  
  172  12:31  Liberator  
  172  12:35  Cyclone  
  172  12:36  Missile Turret  
  175  12:39  Missile Turret, Hellion x2  
  185  12:50  Cyclone  
  190  12:55  Hellion x3, Cyclone  
  186  13:14  Cyclone x3  
  186  13:16  Cyclone  
  198  13:25  Cyclone  
  198  13:26  Hellion x3  
  195  13:27  Cyclone  
  195  13:30  Hellion x12  
  200  13:40  Terran Vehicle Weapons Level 3  
  200  13:51  Sensor Tower  
  200  14:01  Sensor Tower  
  200  14:12  Command Center  
  191  14:17  Command Center  
  191  14:19  Cyclone x3  
  191  14:20  Cyclone  
  191  14:23  Hellion x4, Cyclone  
  176  14:28  Cyclone  
  179  14:34  Terran Ship Weapons Level 2  
  171  14:44  Hellion  
  157  14:51  Cyclone x2  
  157  14:52  Cyclone x2  
  165  14:53  Hellion x3  
  165  14:55  Cyclone  
  165  15:00  Hellion  
  165  15:03  Liberator  
  165  15:05  Liberator  
  165  15:06  Hellion  
  165  15:07  Liberator  
  153  15:17  Hellion  
  153  15:19  Hellion x2  
  156  15:21  Cyclone  
  156  15:23  Cyclone  
  166  15:31  Hellion  
  168  15:35  Orbital Command  
  168  15:37  Orbital Command  
  168  15:41  Cyclone  
  171  15:43  Cyclone  
  171  15:46  Liberator  
  171  15:48  Liberator  
  172  15:58  Liberator  
  172  16:01  Cyclone  
  172  16:02  Cyclone  
  187  16:21  Cyclone x2  
  187  16:23  Hellion  
  193  16:26  Hellion  
  193  16:29  Liberator  
  193  16:31  Liberator, Cyclone  
  192  16:45  Cyclone x3  
  191  16:48  Hellion  
  191  16:49  Hellion  
  191  16:54  Hellion  
  200  17:07  Command Center  
  190  17:18  Cyclone  
  190  17:19  Liberator, Hellion x2  
  190  17:20  Liberator, Hellion  
  190  17:21  Hellion  
  190  17:22  Liberator  
  199  17:25  Cyclone x2  
  199  17:26  Hellion x2  
  185  17:30  Hellion  
  188  17:40  Hellion x2  
  188  17:42  Hellion  
  200  17:50  Hellion x2  
  193  17:52  Cyclone x3  
  185  18:03  Hellion  
  189  18:05  Hellion  
  189  18:07  Hellion  
  193  18:13  Hellion x2  

Tags
 
Add a new tag
Caveats
  • Supply blocks, unpowered buildings, or Contaminate may cause inaccurate times.
  • Supply counts are checked every 10 seconds.